AoeStats
← ME_DEPRIME_JUGAR_CON_USTEDES

African Clearing

506099950Analyzed
4v4 RM · 20d ago on Sep 12, 2026· 30m 1s· 8 players
Game mode
Random Map
Map size
Large (8 player)
Population
200
Speed
Normal
Resources
Standard
Victory
Conquest
Starting age
Dark Age
Ending age
Imperial Age
RankedLock teamsTeams togetherTeam positionsShared explorationLock speedFull tech treeHidden civsTurbo modeCheats
Victory
Defeat
🇨🇳 Tupi · China
1686
+12
🇦🇺 Muisca · Australia
1661
+13
🇦🇺 Chinese · Australia
1636
+14
🇦🇺 Teutons · Australia
1547
+17
🇺🇸 Khmer · United States
1605
-15
🇦🇷 Slavs · Argentina
1597
-14
1591
-14
🇦🇺 Japanese · Australia
1563
-13
amtiky
11:25 Loom
14:27 Feudal Age
19:26 Castle Age
18:40 Double-Bit Axe
18:56 Fishing Lines
22:47 Bow Saw
25:19 Horse Collar
26:56 Scale Barding Armor
28:13 Fletching
politeOil
3:54 Loom
13:08 Feudal Age
17:25 Castle Age
15:47 Double-Bit Axe
17:38 Fletching
22:12 Padded Archer Armor
FlyingSaucer_
3:43 Loom
15:34 Feudal Age
16:06 Double-Bit Axe
21:20 Castle Age
21:22 Crossbowman
21:52 Fletching
22:40 Bodkin Arrow
28:22 Bow Saw
ME_DEPRIME_JUGAR_CON_USTEDES
13:31 Feudal Age
12:01 Loom
13:12 Loom
14:00 Double-Bit Axe
14:02 Fishing Lines
23:43 Castle Age
22:07 Stone Mining
23:44 Scale Barding Armor
24:45 Bow Saw
24:37 Gillnets
27:43 Forging
29:17 Fletching
Mau5
9:42 Loom
12:26 Feudal Age
16:20 Castle Age
14:32 Double-Bit Axe
14:33 Horse Collar
18:36 Scale Mail Armor
24:05 Squires
25:50 Chain Mail Armor
25:46 Forging
26:59 Bow Saw
26:57 Heavy Plow
29:41 Iron Casting
Sp Bro
8:35 Loom
12:57 Feudal Age
17:32 Castle Age
16:03 Double-Bit Axe
17:23 Bloodlines
摸鱼种田
11:03 Loom
13:27 Feudal Age
17:21 Castle Age
15:43 Double-Bit Axe
17:22 Fletching
19:05 Horse Collar
23:50 Bodkin Arrow
27:43 Bow Saw
27:34 Heavy Plow
28:52 Ballistics
29:20 Padded Archer Armor
RogerRamjet
2:51 Loom
13:41 Feudal Age
17:52 Castle Age
16:14 Double-Bit Axe
16:10 Horse Collar
18:21 Scale Mail Armor
19:39 Squires
19:51 Forging
19:57 Chain Mail Armor
21:37 Iron Casting
22:30 Arson
23:39 Wheelbarrow
Connection lost

Rejoining the realm…

Still unreachable

The connection could not be restored.

Session expired

The server has moved on; the page needs a fresh start.